 Dungeon Crawl Stone Soup version 0.25-a0-544-gee0576305d (webtiles) character file.

Game seed: 8212978270214810944, levelgen mode: deterministic

130 DerDa the Chiller (level 4, -9/30 HPs)
             Began as a Demonspawn Ice Elementalist on Feb 20, 2020.
             Killed by divine providence
             ... invoked by an orc priest
              (15 damage)
             ... on level 3 of the Dungeon.
             The game lasted 00:06:02 (2060 turns).

DerDa the Chiller (Demonspawn Ice Elementalist)     Turns: 2060, Time: 00:06:03

Health: -9/30      AC:  4    Str:  8    XL:     4   Next: 90%
Magic:  0/9        EV: 12    Int: 17    God:
Gold:   95         SH:  0    Dex: 14    Spells: 3/10 levels left

rFire    . . .     SeeInvis .   l - +0 hand axe
rCold    . . .     Gourm    .   (no shield)
rNeg     . . .     Faith    .   a - +0 robe
rPois    .         Spirit   +   (no helmet)
rElec    .         Reflect  .   (no cloak)
rCorr    +         Harm     .   (no gloves)
MR       .....                  (no boots)
Stlth    ++........             (no amulet)
HPRegen  0.10/turn              e - ring of resist corrosion
MPRegen  0.11/turn              (no ring)

@: very slightly contaminated
A: slimy green scales 1, magic shield
a: no special abilities


You were on level 3 of the Dungeon.
You were not hungry.

You visited 1 branch of the dungeon, and saw 3 of its levels.

You collected 95 gold pieces.

Inventory:

Hand Weapons
 b - a +0 dagger
 l - a +0 hand axe (weapon)
Missiles
 d - 64 stones (quivered)
 i - 4 silver javelins
Armour
 a - a +0 robe (worn)
Jewellery
 e - a ring of resist corrosion (left hand)
Scrolls
 g - 2 scrolls of enchant armour {unknown}
 n - a scroll of magic mapping {unknown}
 o - a scroll of identify {unknown}
 q - a scroll of amnesia {unknown}
Potions
 f - a potion of degeneration {unknown}
 h - a potion of lignification {unknown}
 j - 5 potions of brilliance {unknown}
 k - a potion of cancellation {unknown}
 m - a potion of curing {unknown}
Comestibles
 c - 5 rations
 p - 4 chunks of flesh


   Skills:
 - Level 1.7 Dodging
 - Level 1.7 Stealth
 * Level 3.6 Spellcasting
 * Level 4.8 Ice Magic


You had 3 spell levels left.
You knew the following spells:

 Your Spells              Type           Power        Failure   Level  Hunger
a - Freeze                Ice            ###.         2%          1    None
b - Frozen Ramparts       Ice            ###...       7%          3    ###....
c - Ozocubu's Armour      Chrm/Ice       ##......     19%         3    ###....

Your spell library contained the following spells:

 Spells                   Type           Power        Failure   Level  Hunger
 Hailstorm                Conj/Ice       ##......     52%         4    ####...
 Summon Ice Beast         Ice/Summ       ##......     52%         4    ####...


Dungeon Overview and Level Annotations

Branches:
Dungeon (3/15)

Altars:
Elyvilon
Makhleb
Qazlal
Xom

Annotations:
D:3 Jessica


Innate Abilities, Weirdness & Mutations

You are partially covered in slimy green scales. (AC +2)
When hurt, damage is shared between your health and your magic reserves.


Message History

Aim: an orc wizard, wielding a +0 dagger and wearing a cursed +0 robe (severely wounded)
You freeze the orc wizard!
You kill the orc wizard!
An adder comes into view.
Jessica mumbles some strange words.
Jessica blinks!
Some of the chunks of flesh in your inventory have rotted away.
Jessica gestures wildly while chanting.
Jessica blinks!
The orc priest looks satisfied for a moment.
The orc priest invokes the aid of Beogh against you.
Beogh smites you!
* * * LOW HITPOINT WARNING * * *
The orc priest looks braver for a moment.
You hear the slow rusting of a very distant drain.
A bat comes into view.
The orc priest mumbles some strange prayers to Beogh against you.
Beogh smites you!
Ouch! That really hurt!
You die...

#.###.###......# ##
##.#####.##.# #..
#.o.......@
..#...##.######.##.#
.................. .
##.##.##.######.##
.........#####.#
#.#####o....##.#
#..b...@.......#
.........##.##.#
.........##....#
#.###.#..#####.#
#.###.#..# #.#
#........#####.##.#
#.#.###.#...........#
#......<..#......####
###.###.#.########


You could see an orc priest, an orc and a bat.

Vanquished Creatures
  An orc wizard (D:3)
  5 adders (D:2)
  An ooze (D:3)
  A worm (D:2)
  3 dart slugs (D:1)
  A leopard gecko (D:1)
  An orc (D:3)
  A ball python (D:1)
  4 bats
  A giant cockroach (D:2)
  4 goblins
  7 hobgoblins
  4 jackals (D:2)
  2 kobolds (D:1)
  A quokka (D:2)
  3 rats
40 creatures vanquished.

Notes
Turn   | Place    | Note
-------+----------+-------------------------------------------
     0 | D:1      | DerDa the Demonspawn Ice Elementalist began the quest for
                  | the Orb.
     0 | D:1      | Reached XP level 1. HP: 13/13 MP: 3/3
   163 | D:1      | Gained mutation: You are partially covered in slimy green
                  | scales. (AC +2) [demonic ancestry]
   163 | D:1      | Reached XP level 2. HP: 18/19 MP: 0/5
   433 | D:1      | Reached skill level 4 in Ice Magic
   748 | D:1      | Gained mutation: When hurt, damage is shared between your
                  | health and your magic reserves. [demonic ancestry]
   748 | D:1      | Reached XP level 3. HP: 21/24 MP: 0/7
   764 | D:1      | Learned a level 3 spell: Frozen Ramparts
   768 | D:1      | Learned a level 3 spell: Ozocubu's Armour
   922 | D:2      | Found a stormy altar of Qazlal.
  1449 | D:2      | Found a white marble altar of Elyvilon.
  1518 | D:2      | Reached XP level 4. HP: 30/30 MP: 8/8
  1981 | D:2      | Found a burning altar of Makhleb.
  1981 | D:2      | Found a shimmering altar of Xom.
  2036 | D:3      | Noticed Jessica
  2060 | D:3      | Killed from afar by an orc priest

Levels and vault maps discovered:
D:1:      minmay_arrival_wavy_path, layout_basic
D:2:      layout_loops_ring, gammafunk_temple_overflow_statue,
          nicolae_qazlal_general_emergency, serial_bayou_pond_d,
          elyvilon_altar_3
D:3:      layout_basic, gammafunk_temple_overflow_pools, gup_sewer_entry_spiral,
          first_ration, minmay_quantized, uniq_jessica

Skill      XL: |  1  2  3 |
---------------+----------+-----
Ice Magic      | 4 |  4.8
Spellcasting   | 3 |  3.6
Dodging        | |  1.7
Stealth        | |  1.7

Action                   |  1- 3 |  4- 6 || total
-------------------------+-------+-------++-------
Melee: Dagger            |     6 |       ||     6
       Hand axe          |     1 |     1 ||     2
Throw: Stone             |     1 |       ||     1
 Cast: Freeze            |    49 |    26 ||    75
 Stab: Sleeping          |     1 |       ||     1
  Eat: Chunk             |     2 |     2 ||     4
Armor: Robe              |     7 |     7 ||    14
Dodge: Dodged            |    31 |     8 ||    39

Table legend:
 A = Non-vault XP
 B = Vault XP
 C = Vault XP percentage of total XP
 D = Non-vault monster count
 E = Vault monster count
 F = Vault count percentage of total count
                 A         B        C        D         E       F
            +---------+---------+-------+---------+---------+-------
      Total |     187 |       0 |   0.0 |      40 |       0 |   0.0
            +---------+---------+-------+---------+---------+-------
        D:1 |      42 |       0 |   0.0 |      19 |       0 |   0.0
        D:2 |      95 |       0 |   0.0 |      18 |       0 |   0.0
        D:3 |      50 |       0 |   0.0 |       3 |       0 |   0.0
            +---------+---------+-------+---------+---------+-------
